 Dungeon Crawl Stone Soup version 0.21.1-1-g345015f (webtiles) character file.

14744 garbagetei the Thaumaturge (level 12, -7/89 HPs)
             Began as a Gnoll Earth Elementalist on Feb 6, 2018.
             Was a High Priest of Cheibriados.
             Mangled by a minotaur zombie (8 damage)
             ... in a labyrinth.
             The game lasted 00:34:00 (15094 turns).

garbagetei the Thaumaturge (GnEE)                  Turns: 15094, Time: 00:34:02

Health: -7/89      AC: 12    Str: 30    XL:     12   Next: 19%
Magic:  2/24       EV: 21    Int: 33    God:    Cheibriados [*****.]
Gold:   972        SH:  8    Dex: 31    Spells: 10/28 levels left

rFire    + . .     SeeInvis +   X - staff of earth
rCold    . . .     Gourm    +   C - +0 buckler
rNeg     . . .     Faith    .   R - +7 leather armour of Biyhos Fuani {*Drain rElec rF+ Str+6}
rPois    .         Spirit   .   (no helmet)
rElec    +         Reflect  .   I - +0 cloak
rCorr    .         Harm     .   (no gloves)
MR       .....                  (no boots)
Stlth    +++++.....             n - amulet of the gourmand
HPRegen  0.24/turn              A - +3 ring of dexterity
MPRegen  0.19/turn              H - ring of see invisible

@: very slow
A: distributed training, fangs 1, strong nose
a: Bend Time, Temporal Distortion, Slouch, Step From Time, Renounce Religion


You were in a labyrinth.
You worshipped Cheibriados.
Cheibriados was extremely pleased with you.
You were full.

You visited 2 branches of the dungeon, and saw 13 of its levels.
You also visited: Labyrinth.

You collected 972 gold pieces.

Inventory:

Hand Weapons
 f - a +0 dagger
 j - the +9 staff of Olgreb {rPois}
   (You took it off an orc warrior on level 9 of the Dungeon)

   It protects you from poison.
 y - a +0 arbalest
 E - a +3 spear of venom
 V - a +0 flail of crushing
 W - a +4 halberd of distortion
Missiles
 b - 136 stones (quivered)
Armour
 c - a +0 robe
 g - a +0 leather armour
 q - a +5 ring mail of magic resistance
 s - a +1 leather armour of fire resistance
 C - a +0 buckler (worn)
 I - a +0 cloak (worn)
 R - the +7 leather armour of Biyhos Fuani (worn) {*Drain rElec rF+ Str+6}
   (You found it in a labyrinth)

   It affects your strength (+6).
   It protects you from fire.
   It insulates you from electricity.
   It causes draining when unequipped.
Magical Staves
 F - an uncursed staff of cold
 X - an uncursed staff of earth (weapon)
Jewellery
 n - an amulet of the gourmand (around neck)
 A - a +3 ring of dexterity (left hand)
 H - a ring of see invisible (right hand)
 M - the ring of Meem Mie {*Slow Str+4 Dex+4 Stlth+, unknown}
   (You found it on level 8 of the Dungeon)

   [ring of stealth]

   It affects your strength (+4).
   It affects your dexterity (+4).
   It may slow you when you take damage.
   It makes you more stealthy.
Wands
 t - a wand of enslavement (9)
 T - a wand of polymorph (19)
 U - a wand of digging (8)
Scrolls
 a - 5 scrolls of teleportation {unknown}
 h - 4 scrolls of enchant armour
 i - 2 scrolls of magic mapping
 k - 2 scrolls of remove curse {unknown}
 l - a scroll of amnesia {unknown}
 m - a scroll of identify
 o - a scroll of enchant weapon
 w - a scroll of blinking {unknown}
 D - 2 scrolls of noise {unknown}
 G - a scroll of fear {unknown}
 J - a scroll of random uselessness
 O - a scroll of acquirement {unknown}
Potions
 p - a potion of ambrosia
 r - a potion of magic
 u - a potion of haste
 v - a potion of cancellation
 z - a potion of mutation
 B - a potion of degeneration
 K - a potion of agility {unknown}
 L - 2 potions of invisibility
 Q - a potion of resistance {unknown}
Books
 e - a book of Geomancy

   Spells                             Type                      Level
   a - Sandblast                      Earth                        1
   b - Passwall                       Transmutation/Earth          2
   c - Stone Arrow                    Conjuration/Earth            3
   d - Petrify                        Transmutation/Earth          4
   e - Lee's Rapid Deconstruction     Earth                        5
 x - a book of Changes

   Spells                             Type                      Level
   a - Beastly Appendage              Transmutation                1
   b - Sticks to Snakes               Transmutation                2
   c - Spider Form                    Transmutation/Poison         3
   d - Ice Form                       Ice/Transmutation            4
   e - Blade Hands                    Transmutation                5
 N - a book of Misfortune

   Spells                             Type                      Level
   a - Confusing Touch                Hexes                        1
   b - Confuse                        Hexes                        3
   c - Gell's Gravitas                Translocation                3
   d - Petrify                        Transmutation/Earth          4
   e - Metabolic Englaciation         Hexes/Ice                    5
   f - Yara's Violent Unravelling     Hexes/Transmutation          5
 P - a book of Debilitation

   Spells                             Type                      Level
   a - Corona                         Hexes                        1
   b - Slow                           Hexes                        2
   c - Inner Flame                    Hexes/Fire                   3
   d - Portal Projectile              Hexes/Translocation          3
   e - Cause Fear                     Hexes                        4
   f - Leda's Liquefaction            Hexes/Earth                  4
 S - a book of Alchemy

   Spells                             Type                      Level
   a - Sublimation of Blood           Necromancy                   2
   b - Ignite Poison                  Fire/Transmutation/Poison    3
   c - Petrify                        Transmutation/Earth          4
   d - Alistair's Intoxication        Transmutation/Poison         5
   e - Irradiate                      Conjuration/Transmutation    5
Comestibles
 d - 24 rations


   Skills:
 + Level 6.9 Fighting
 + Level 6.9 Short Blades
 + Level 6.9 Long Blades
 + Level 6.9 Axes
 + Level 6.9 Maces & Flails
 + Level 6.9 Polearms
 + Level 6.9 Staves
 + Level 6.9 Slings
 + Level 6.9 Bows
 + Level 6.9 Crossbows
 + Level 6.9 Throwing
 + Level 6.9 Armour
 + Level 8.4 Dodging
 + Level 8.2 Stealth
 + Level 6.9 Shields
 + Level 6.9 Unarmed Combat
 + Level 8.6 Spellcasting
 + Level 5.7 Conjurations
 + Level 5.7 Hexes
 + Level 5.7 Charms
 + Level 5.7 Summonings
 + Level 5.7 Necromancy
 + Level 5.7 Translocations
 + Level 6.2 Transmutations
 + Level 5.7 Fire Magic
 + Level 5.7 Ice Magic
 + Level 5.7 Air Magic
 + Level 8.0 Earth Magic
 + Level 5.7 Poison Magic
 + Level 7.6 Invocations
 + Level 6.9 Evocations


You had 10 spell levels left.
You knew the following spells:

 Your Spells              Type           Power        Failure   Level  Hunger
a - Sandblast             Erth           ######       1%          1    None
b - Stone Arrow           Conj/Erth      ######       1%          3    None
c - Passwall              Tmut/Erth      #######...   1%          2    None
d - Petrify               Tmut/Erth      #######.     1%          4    None
e - Confuse               Hex            ######..     1%          3    None
f - Lee's Rapid Deconstr  Erth           #######...   3%          5    ###....


Dungeon Overview and Level Annotations

Branches:
Dungeon (14/15)            Temple (0/1) D:4            Lair (1/6) D:8
    Orc (0/2) D:9
 Vaults: D:13-14

Altars:
Ashenzari
Cheibriados
Dithmenos
Hepliaklqana
Qazlal
Uskayaw
Wu Jian
Xom

Annotations:
Lair:1 Gastronok


Innate Abilities, Weirdness & Mutations

Your experience applies equally to all skills.
You have very sharp teeth.
Your uncanny sense of smell can sniff out nearby items.


Message History

The minotaur zombie hits you!!
* * * LOW HITPOINT WARNING * * *
The minotaur zombie gores you.
* * * LOW HITPOINT WARNING * * *
That item cannot be evoked!
Unknown command.
Okay, then.
You don't have enough magic at the moment.
Okay, then.
Okay, then.
Casting: Stone Arrow
Confirm with . or Enter, or press ? or * to list all spells.
Okay, then.
As you read the scroll labeled FOUVAWNO YPRU, it crumbles to dust.
It is a scroll of enchant weapon.
Your +2 spear of venom glows red for a moment.
As you read the scroll labeled XUMIDUAWEA, it crumbles to dust.
The dust glows pulsating brown!
It was a scroll of random uselessness.
The minotaur zombie hits you!
You die...

### #.#
##'###
#.⌠..###
###...⌠'.#
#.'Z@..###
###..<.#
##'### #.
#.# ###
#'## # .#
. . ......
.
###..#.#.
. # . ..
.#. . .#
##.≈≈
###.#


You could see a minotaur zombie.

Vanquished Creatures
  A minotaur (Lab)
  A two-headed ogre (D:6)
  An unseen horror (D:11)
  A harpy (shapeshifter) (D:14)
  An orc knight (D:10)
  A cyclops (D:9)
  Maurice (D:8)
  3 centaur zombies (D:14)
  4 gargoyles (Lab)
  A centaur skeleton (D:10)
  2 trolls (D:9)
  A hornet (D:8)
  2 hippogriffs
  A redback (Lab)
  A shadow (Lab)
  3 hogs (D:10)
  A wraith (D:7)
  6 yaks
  A human (D:10)
  A hungry ghost (D:9)
  The ghost of Thomus the Conjurer, an amateur DECj (D:3)
  A water moccasin (D:9)
  11 orc warriors
  4 ice beasts
  A sky beast (D:8)
  A hornet zombie (D:10)
  2 phantoms
  2 black bears
  3 ogres
  3 centaurs
  3 crocodiles
  4 big kobolds
  Blork the orc (D:6)
  2 gnoll sergeants
  2 bullfrogs (D:6)
  A wyvern skeleton (D:10)
  3 scorpions
  8 wights
  An electric eel (D:14)
  4 howler monkeys
  2 bullfrog zombies
  3 crimson imps
  2 hounds (D:6)
  2 bullfrog skeletons
  8 orc priests
  Ijyb (D:2)
  2 jellies (D:6)
  5 orc wizards
  10 worker ants
  Natasha (thrice) (D:2)
  3 iguanas
  A hound zombie (D:6)
  10 gnolls
  13 adders
  4 shadow imps
  2 oozes (D:1)
  An adder zombie (D:7)
  2 worms
  A dart slug (D:3)
  5 leopard geckos
  45 orcs
  6 giant cockroaches
  10 goblins
  11 hobgoblins
  18 jackals
  2 quokkas (D:2)
  7 bats
  4 frilled lizards
  9 kobolds
  A leopard gecko skeleton (D:4)
  10 rats
295 creatures vanquished.

Notes
Turn   | Place    | Note
-------+----------+-------------------------------------------
     0 | D:1      | garbagetei the Gnoll Earth Elementalist began the quest for the Orb.
     0 | D:1      | Reached XP level 1. HP: 13/13 MP: 6/6
   462 | D:1      | Reached XP level 2. HP: 19/19 MP: 7/7
   769 | D:1      | Reached XP level 3. HP: 23/25 MP: 7/9
   812 | D:1      | Reached skill level 5 in Spellcasting
  1129 | D:2      | You fall through a shaft!
  1141 | D:3      | Reached skill level 1 in Invocations
  1142 | D:3      | Reached skill level 1 in Fighting
  1142 | D:3      | Reached skill level 1 in Short Blades
  1142 | D:3      | Reached skill level 1 in Long Blades
  1142 | D:3      | Reached skill level 1 in Axes
  1142 | D:3      | Reached skill level 1 in Maces & Flails
  1142 | D:3      | Reached skill level 1 in Polearms
  1142 | D:3      | Reached skill level 1 in Staves
  1142 | D:3      | Reached skill level 1 in Slings
  1142 | D:3      | Reached skill level 1 in Bows
  1142 | D:3      | Reached skill level 1 in Crossbows
  1142 | D:3      | Reached skill level 1 in Throwing
  1142 | D:3      | Reached skill level 1 in Armour
  1142 | D:3      | Reached skill level 1 in Shields
  1142 | D:3      | Reached skill level 1 in Unarmed Combat
  1142 | D:3      | Reached skill level 1 in Evocations
  1182 | D:3      | Reached XP level 4. HP: 32/32 MP: 7/11
  1341 | D:3      | Noticed Ijyb
  1376 | D:2      | Reached skill level 1 in Conjurations
  1376 | D:2      | Reached skill level 1 in Hexes
  1376 | D:2      | Reached skill level 1 in Charms
  1376 | D:2      | Reached skill level 1 in Summonings
  1376 | D:2      | Reached skill level 1 in Necromancy
  1376 | D:2      | Reached skill level 1 in Translocations
  1376 | D:2      | Reached skill level 1 in Fire Magic
  1376 | D:2      | Reached skill level 1 in Ice Magic
  1376 | D:2      | Reached skill level 1 in Air Magic
  1376 | D:2      | Reached skill level 1 in Poison Magic
  1381 | D:2      | Reached XP level 5. HP: 17/37 MP: 0/12
  1413 | D:2      | Noticed Natasha
  1419 | D:2      | Killed Natasha
  1528 | D:2      | Noticed Natasha
  1561 | D:2      | Noticed a hand axe
  1563 | D:2      | Noticed a hand axe
  1564 | D:2      | Found a hide-covered altar of Uskayaw.
  1671 | D:2      | Killed Natasha
  1725 | D:2      | Found a shimmering altar of Xom.
  1747 | D:2      | Noticed Natasha
  1997 | D:2      | Killed Natasha
  1997 | D:2      | Reached XP level 6. HP: 44/44 MP: 11/13
  2354 | D:2      | Killed Ijyb
  2569 | D:3      | Noticed Thomus's ghost (amateur DECj)
  2576 | D:3      | Killed Thomus's ghost
  2576 | D:3      | Reached skill level 5 in Dodging
  3010 | D:3      | Reached XP level 7. HP: 50/50 MP: 11/15
  3336 | D:4      | Found a snail-covered altar of Cheibriados.
  3349 | D:4      | Became a worshipper of Cheibriados the Contemplative
  3470 | D:4      | Found a shattered altar of Ashenzari.
  3543 | D:4      | Found a staircase to the Ecumenical Temple.
  3992 | D:5      | Entered Level 5 of the Dungeon
  4194 | D:4      | Reached skill level 5 in Stealth
  4378 | D:5      | Learned a level 3 spell: Stone Arrow
  4381 | D:5      | Learned a level 2 spell: Passwall
  4654 | D:5      | Reached XP level 8. HP: 43/57 MP: 10/16
  4742 | D:5      | Reached * piety under Cheibriados
  5424 | D:6      | Noticed Blork the orc
  6668 | D:6      | Killed Blork the orc
  6859 | D:6      | Reached ** piety under Cheibriados
  6884 | D:6      | Noticed a two-headed ogre
  6891 | D:6      | Killed a two-headed ogre
  6891 | D:6      | Reached XP level 9. HP: 45/65 MP: 2/18
  7088 | D:7      | Found an ornate altar of the Wu Jian Council.
  7220 | D:7      | Found a shadowy altar of Dithmenos.
  7963 | D:7      | Reached skill level 5 in Invocations
  8247 | D:7      | Learned a level 4 spell: Petrify
  8292 | D:7      | Reached XP level 10. HP: 73/73 MP: 13/20
  8961 | D:8      | Noticed Maurice
  9389 | D:8      | Killed Maurice
  9441 | D:8      | Reached skill level 5 in Fighting
  9441 | D:8      | Reached skill level 5 in Short Blades
  9441 | D:8      | Reached skill level 5 in Long Blades
  9441 | D:8      | Reached skill level 5 in Axes
  9441 | D:8      | Reached skill level 5 in Maces & Flails
  9441 | D:8      | Reached skill level 5 in Polearms
  9441 | D:8      | Reached skill level 5 in Staves
  9441 | D:8      | Reached skill level 5 in Slings
  9441 | D:8      | Reached skill level 5 in Bows
  9441 | D:8      | Reached skill level 5 in Crossbows
  9441 | D:8      | Reached skill level 5 in Throwing
  9441 | D:8      | Reached skill level 5 in Armour
  9441 | D:8      | Reached skill level 5 in Shields
  9441 | D:8      | Reached skill level 5 in Unarmed Combat
  9441 | D:8      | Reached skill level 5 in Evocations
  9712 | D:8      | Reached *** piety under Cheibriados
  9721 | D:8      | Found a stormy altar of Qazlal.
  9810 | D:8      | Found a staircase to the Lair.
  9962 | D:8      | Got a heavily runed ivory ring
 10283 | Lair:1   | Entered Level 1 of the Lair of Beasts
 10286 | Lair:1   | Noticed Gastronok
 10727 | D:9      | Noticed a cyclops
 10875 | D:9      | Found a staircase to the Orcish Mines.
 11197 | D:8      | Reached skill level 5 in Transmutations
 11784 | D:8      | Learned a level 3 spell: Confuse
 11790 | D:9      | Killed a cyclops
 11918 | D:9      | Reached **** piety under Cheibriados
 11918 | D:9      | Reached XP level 11. HP: 74/81 MP: 0/22
 12271 | D:9      | HP: 2/81 [orc warrior/the +9 staff of Olgreb {rPois} (14)]
 12936 | D:9      | Reached skill level 5 in Conjurations
 12936 | D:9      | Reached skill level 5 in Hexes
 12936 | D:9      | Reached skill level 5 in Charms
 12936 | D:9      | Reached skill level 5 in Summonings
 12936 | D:9      | Reached skill level 5 in Necromancy
 12936 | D:9      | Reached skill level 5 in Translocations
 12936 | D:9      | Reached skill level 5 in Fire Magic
 12936 | D:9      | Reached skill level 5 in Ice Magic
 12936 | D:9      | Reached skill level 5 in Air Magic
 12936 | D:9      | Reached skill level 5 in Poison Magic
 12967 | D:9      | Found a hazy altar of Hepliaklqana.
 13108 | D:10     | Entered Level 10 of the Dungeon
 13292 | D:10     | Learned a level 5 spell: Lee's Rapid Deconstruction
 13708 | D:10     | Reached ***** piety under Cheibriados
 13842 | D:10     | Noticed an orc knight
 13881 | D:10     | Killed an orc knight
 14260 | D:10     | Noticed a centaur warrior
 14543 | D:11     | Noticed an unseen horror
 14550 | D:11     | Killed an unseen horror
 14555 | D:11     | You fall through a shaft for 3 floors!
 14587 | D:14     | Found a labyrinth entrance.
 14606 | D:14     | Noticed a harpy
 14606 | D:14     | a polar bear changed into a harpy
 14610 | D:14     | Killed a harpy
 14702 | Lab      | Entered a labyrinth
 14768 | Lab      | Reached XP level 12. HP: 83/89 MP: 8/24
 15008 | Lab      | Got a scorched leather armour
 15019 | Lab      | Identified the +7 leather armour of Biyhos Fuani {*Drain rElec rF+ Str+6} (You found it in a labyrinth)
 15048 | Lab      | Noticed a minotaur
 15055 | Lab      | Killed a minotaur
 15092 | Lab      | HP: 4/89 [minotaur zombie (22)]
 15092 | Lab      | HP: 1/89 [minotaur zombie (3)]
 15094 | Lab      | Mangled by a minotaur zombie

Skill      XL: |  1  2  3  4  5  6  7  8  9 10 11 12 |
---------------+-------------------------------------+-----
Transmutations | 2 3 4 5 6 |  6.2
Spellcasting   | 5 6 7 8 |  8.6
Invocations    | 1 2 3 4 5 6 7 |  7.6
Fighting       | 1 2 4 5 6 |  6.9
Short Blades   | 1 2 4 5 6 |  6.9
Long Blades    | 1 2 4 5 6 |  6.9
Axes           | 1 2 4 5 6 |  6.9
Maces & Flails | 1 2 4 5 6 |  6.9
Polearms       | 1 2 4 5 6 |  6.9
Staves         | 1 2 4 5 6 |  6.9
Slings         | 1 2 4 5 6 |  6.9
Bows           | 1 2 4 5 6 |  6.9
Crossbows      | 1 2 4 5 6 |  6.9
Throwing       | 1 2 4 5 6 |  6.9
Armour         | 1 2 4 5 6 |  6.9
Shields        | 1 2 4 5 6 |  6.9
Unarmed Combat | 1 2 4 5 6 |  6.9
Evocations     | 1 2 4 5 6 |  6.9
Conjurations   | 1 2 3 4 5 |  5.7
Hexes          | 1 2 3 4 5 |  5.7
Charms         | 1 2 3 4 5 |  5.7
Summonings     | 1 2 3 4 5 |  5.7
Necromancy     | 1 2 3 4 5 |  5.7
Translocations | 1 2 3 4 5 |  5.7
Fire Magic     | 1 2 3 4 5 |  5.7
Ice Magic      | 1 2 3 4 5 |  5.7
Air Magic      | 1 2 3 4 5 |  5.7
Poison Magic   | 1 2 3 4 5 |  5.7
Dodging        | 5 6 7 8 |  8.4
Stealth        | 5 6 7 8 |  8.2
Earth Magic    | 6 7 8 |  8.0

Action                   |  1- 3 |  4- 6 |  7- 9 | 10-12 || total
-------------------------+-------+-------+-------+-------++-------
Melee: Dagger            |    59 |   141 |    86 |       ||   286
       Unarmed           |     4 |    18 |       |       ||    22
       Bite              |     3 |     9 |    25 |   101 ||   138
       Punch             |       |     1 |       |       ||     1
       Spear             |       |       |    95 |   165 ||   260
       Staff             |       |       |       |   201 ||   201
 Cast: Sandblast         |    22 |    55 |    45 |     6 ||   128
       Stone Arrow       |       |       |    70 |   106 ||   176
       Passwall          |       |       |     1 |     1 ||     2
       Confuse           |       |       |       |     3 ||     3
       Petrify           |       |       |       |     1 ||     1
       Lee's Rapid Decon |       |       |       |    11 ||    11
Invok: Temporal Distorti |       |       |       |     1 ||     1
       Slouch            |       |       |       |     2 ||     2
Evoke: Staff of Olgreb   |       |       |       |     1 ||     1
  Use: Potion            |       |       |     1 |     4 ||     5
       Scroll            |       |       |       |    11 ||    11
 Stab: Sleeping          |     7 |     3 |     8 |     5 ||    23
       Distracted        |       |       |       |     2 ||     2
       Petrifying        |       |       |       |     1 ||     1
  Eat: Chunk             |     1 |    21 |    11 |    17 ||    50
Armor: Robe              |     2 |       |       |       ||     2
       Leather armour    |    13 |    27 |    17 |     2 ||    59
       Skin              |       |    29 |       |       ||    29
       Ring mail         |       |       |    20 |   111 ||   131
Dodge: Dodged            |    59 |   108 |   146 |   350 ||   663
Block: Buckler           |       |       |    38 |   169 ||   207
